 Dungeon Crawl Stone Soup version 0.29.1-15-g9cfb28693d (webtiles) character file.

Game seed: 11547037649809781094

175 pokedragonboy the Shield-Bearer (level 5, -1/42 HPs)
             Began as a Formicid Fighter on Mar 10, 2023.
             Killed from afar by an orc wizard (9 damage)
             ... with a puff of flame
             ... on level 3 of the Dungeon.
             The game lasted 00:04:52 (2150 turns).

pokedragonboy the Shield-Bearer (Formicid Fighter)  Turns: 2150, Time: 00:04:53

Health: -1/42      AC:  7    Str: 22    XL:     5   Next: 86%
Magic:  5/5        EV:  9    Int: 14    God:
Gold:   173        SH: 10    Dex: 13    Spells: 4/4 levels left

rFire   . . .      SeeInvis +   a - +0 war axe
rCold   . . .      Faith    .   c - +0 buckler
rNeg    . . .      Spirit   .   b - +0 scale mail
rPois   .          Reflect  +   (helmet unavailable)
rElec   .          Harm     .   (no cloak)
rCorr   .          Rampage  .   (no gloves)
Will    .....                   (no boots)
Stlth   ..........              e - amulet of reflection
HPRegen 0.14/turn               n - +6 ring of intelligence
MPRegen 0.09/turn               (no ring)

@: no status effects
A: permanent stasis, dig shafts and tunnels, antennae 3, four strong arms
a: Dig, Shaft Self


You were on level 3 of the Dungeon.
You visited 1 branch of the dungeon, and saw 3 of its levels.
You also visited: Sewer.

You collected 173 gold pieces.

Inventory:

Hand Weapons
 a - a +0 war axe (weapon)
Missiles
 p - 3 atropa-tipped darts
Armour
 b - a +0 scale mail (worn)
 c - a +0 buckler (worn)
 q - a +1 hat
Jewellery
 e - an amulet of reflection (around neck)
 n - a +6 ring of intelligence (left hand)
 o - an amulet of regeneration
 r - a ring of fire
Scrolls
 i - a scroll of vulnerability {unknown}
 j - 2 scrolls of fear {unknown}
 k - a scroll of amnesia {unknown}
 m - 2 scrolls of enchant weapon {unknown}
Potions
 d - a potion of might
 f - 3 potions of heal wounds {unknown}
 g - a potion of brilliance {unknown}
 h - a potion of attraction {unknown}
 l - a potion of flight {unknown}
 s - a potion of mutation {unknown}


   Skills:
 + Level 4.1 Fighting
 * Level 3.8 Axes
 + Level 4.1 Armour
 + Level 5.0 Shields


You had 4 spell levels left.
You didn't know any spells.
Your spell library contained the following spells:

 Spells                   Type           Power      Damage    Failure   Level
 Animate Dead             Necr           0%         N/A       100%        4
 Cause Fear               Hex            0%         N/A       100%        4
 Borgnjor's Vile Clutch   Necr/Erth      0%         N/A       100%        5
 Death Channel            Necr           0%         N/A       100%        6
 Dragon Form              Tmut           0%         N/A       100%        7
 Dragon's Call            Summ           0%         N/A       100%        9


Dungeon Overview and Level Annotations

Branches:
Dungeon (3/15)              Sewer (visited)

Altars:
Hepliaklqana

Annotations:
D:3 Sigmund


Innate Abilities, Weirdness & Mutations

You cannot be hasted, slowed, berserked, paralysed or teleported.
You can dig through walls and to a lower floor.
You have a pair of large antennae on your head. (SInv)
Your four strong arms can wield two-handed weapons with a shield.


Message History

An orc priest comes into view. It is wielding a +0 club.
Sigmund points at you and mumbles some strange words.
The magic dart hits you.
The frilled lizard hisses angrily.
You slash the orc!
You kill the orc!
Sigmund closely misses you.
An orc comes into view. It is wielding a +0 dagger.
The orc hits you but does no damage.
Unknown command.
A kobold comes into view.
It is wielding a +0 whip and quivering poisoned darts.
The kobold shouts!
The orc closely misses you.
The orc wizard gestures at you while chanting.
The puff of flame hits you.
Sigmund giggles. "Time to reap what you sow."
Sigmund hits you with a +0 scythe!
Items here: $ ) ? †.
You closely miss Sigmund. You barely miss the orc. The orc barely misses you.
You hit Sigmund.
Sigmund is lightly wounded.
You hit the rat.
You kill the rat!
You completely miss the orc. Sigmund completely misses you.
The orc hits you with a +0 flail.
The orc wizard points at you and mumbles some strange words.
The magic dart hits you but does no damage.
You closely miss Sigmund.
Sigmund is lightly wounded.
You barely miss the orc priest. You miss the frilled lizard. You hit the orc.
Sigmund hits you with a +0 scythe. The orc hits you with a +0 flail.
The frilled lizard bites you but does no damage.
The orc priest closely misses you.
The orc priest invokes the aid of Beogh against you.
Beogh smites you!
* * * LOW HITPOINT WARNING * * *
The orc closely misses you.
The orc wizard points at you and mumbles some strange words.
The puff of flame hits you!
You die...

#..##...#≈≈≈≈≈#.....##.
........##≈≈≈##........
#........#####.#######.
...........#..####....
#.........#.......#.<
#.........#..######..
#....)......#####...#
...#..oo......#........
.....ol@)....##.##.####
......@o........##.#####
....K...................
........................
........................
...>....................
..#####.................
.# ###...............
#...............


You could see Sigmund, an orc priest, an orc wizard, 2 orcs, a kobold and a
frilled lizard.

Vanquished Creatures
  Pargi (Sewer)
  2 adders
  3 worms
  2 dart slugs (D:1)
  An orc (D:3)
  5 endoplasms
  A giant cockroach (Sewer)
  7 goblins
  2 hobgoblins
  2 jackals (D:3)
  9 kobolds
  3 quokkas
  3 ball pythons
  3 bats
  3 frilled lizards
  6 rats
53 creatures vanquished.

Notes
Turn   | Place    | Note
-------+----------+-------------------------------------------
     0 | D:1      | pokedragonboy the Formicid Fighter began the quest for the
                  | Orb.
     0 | D:1      | Reached XP level 1. HP: 18/18 MP: 1/1
   241 | D:1      | Reached XP level 2. HP: 24/24 MP: 2/2
   835 | D:2      | Reached XP level 3. HP: 29/29 MP: 3/3
  1462 | D:2      | Reached XP level 4. HP: 37/37 MP: 4/4
  1546 | D:3      | Found a glowing drain.
  1555 | Sewer    | Entered a sewer
  1588 | Sewer    | Noticed Pargi
  1600 | Sewer    | Killed Pargi
  1601 | Sewer    | Reached XP level 5. HP: 20/42 MP: 5/5
  1986 | D:3      | Found a faded altar of an unknown god.
  1996 | D:3      | Reached skill level 5 in Shields
  2097 | D:3      | Found a hazy altar of Hepliaklqana.
  2137 | D:3      | Noticed Sigmund
  2150 | D:3      | Killed from afar by an orc wizard

Illustrated notes

Levels and vault maps discovered:
D:1:      scummos_arrival_forest, layout_basic
D:2:      layout_basic
D:3:      layout_rooms, worldfamousw_hep_ancestral_shrine, portal_sewer_entry_d,
          hellmonk_ecumenical_altar_arch_garden, uniq_sigmund

Skill      XL: |  1  2  3  4  5 |
---------------+----------------+-----
Axes           | 3 |  3.8
Fighting       | 4 |  4.1
Armour         | 4 |  4.1
Shields        | 5 |  5.0

Action                   |  1- 3 |  4- 6 || total
-------------------------+-------+-------++-------
Melee: War axe           |    76 |    52 ||   128
  Use: Potion            |       |     1 ||     1
Armor: Scale mail        |    27 |    24 ||    51
Dodge: Dodged            |    21 |    31 ||    52
Block: Buckler           |    36 |    35 ||    71
       Reflection        |     1 |       ||     1
